BUFFALO Sabres vs MONTREAL Canadiens

Created - 22 mars 2019 at 16:06

Goals
1 2 3 T
BUFFALO Sabres 1 0 0 1
MONTREAL Canadiens 0 0 2 2
Shots
1 2 3 T
BUFFALO Sabres 9 11 8 28
MONTREAL Canadiens 3 7 8 18

1st period

1. BUFFALO Sabres , Luke Glendening 5 (Brett Pesce 13, Vladimir Sobotka 4) at 6:33

Penalties :
Mike Green (BUF) for High sticking (Minor) at 0:23, John Klingberg (BUF) for Hooking (Minor) at 7:39, Clayton Stoner (MTL) for Slashing (Minor) at 11:59

2nd period

No Goal

Penalties :
No Penalty

3rd period

2. MONTREAL Canadiens , Kevin Gravel 5 (Pierre-Luc Dubois 31, Anthony Mantha 15) at 7:52
3. MONTREAL Canadiens , Anthony Cirelli 8 (Marian Gaborik 9) at 10:45

Penalties :
Pierre-Luc Dubois (MTL) for Hooking (Minor) at 19:23

Goalie Stats

Braden Holtby (BUF), 16 saves from 18 shots - (0,889), L, 48-17-7, 59:00 minutes
Kari Lehtonen (MTL), 27 saves from 28 shots - (0,964), W, 16-32-5, 60:00 minutes

Players Stats for BUFFALO Sabres

Player Name              G  A  P  +/- PIM S  H  SB GA TA FO     MP     PP MP  PK MP  
------------------------------------------------------------------------------------
Artemi Panarin           0  0  0   0  0   2  1  0  0  0  1/3    21:41   1:30   0:00 
Brayden Point            0  0  0  -1  0   3  0  0  0  0  0/3    19:29   1:30   1:41 
Brent Burns              0  0  0   0  0   1  1  1  0  0  0/0    24:07   1:29   2:30 
Brett Pesce              0  1  1   0  0   2  0  1  0  0  0/0    15:48   0:00   2:07 
Elias Lindholm           0  0  0  -1  0   1  1  0  0  0  0/0    10:34   0:00   0:00 
Henrik Zetterberg        0  0  0  -1  0   1  0  0  0  0  6/10   10:34   0:00   0:00 
Jaden Schwartz           0  0  0  -1  0   1  0  0  0  0  0/2    17:34   1:05   0:00 
Jesper Bratt             0  0  0   1  0   1  0  1  0  0  1/1     6:24   0:00   0:00 
John Klingberg           0  0  0  -1  2   2  0  1  0  0  0/0    21:54   1:29   0:48 
Jordan Eberle            0  0  0   0  0   2  1  0  0  0  0/0    21:05   1:05   0:00 
Luke Glendening          1  0  1   1  0   1  0  0  0  0  2/8     8:41   0:00   2:17 
Mike Green               0  0  0   0  2   0  0  2  0  0  0/0    14:20   0:00   0:40 
Nathan MacKinnon         0  0  0   0  0   4  1  0  0  0  12/20  23:22   1:30   1:41 
Nazem Kadri              0  0  0  -1  0   2  3  0  0  0  11/27  17:23   1:05   0:00 
Ryan Ellis               0  0  0   0  0   1  1  1  0  0  0/0    24:43   1:06   1:51 
Tyler Johnson            0  0  0  -1  0   3  0  0  0  0  1/1    12:51   0:00   2:17 
Tyson Barrie             0  0  0  -1  0   0  0  0  0  0  0/0    19:06   1:06   0:00 
Vladimir Sobotka         0  1  1   1  0   1  2  0  0  0  0/2     6:24   0:00   0:00 

Players Stats for MONTREAL Canadiens

Player Name              G  A  P  +/- PIM S  H  SB GA TA FO     MP     PP MP  PK MP  
------------------------------------------------------------------------------------
Anthony Beauvillier      0  0  0   1  0   1  1  0  0  0  1/2    13:20   0:00   0:17 
Anthony Cirelli          1  0  1   1  0   3  2  0  0  0  6/14   14:42   0:00   1:01 
Anthony Mantha           0  1  1   1  0   1  0  0  0  0  2/2    16:02   2:21   0:38 
Brian Gionta             0  0  0   1  0   1  0  0  0  0  1/3    13:41   0:00   0:00 
Clayton Stoner           0  0  0   2  2   0  3  0  0  0  0/0    18:39   0:00   0:06 
Derrick Pouliot          0  0  0  -1  0   0  2  3  0  0  0/0    21:26   2:21   1:46 
Frederick Gaudreau       0  0  0  -1  0   1  0  0  0  0  0/1    12:58   0:00   0:00 
Greg Pateryn             0  0  0  -1  0   0  2  0  0  0  0/0    20:12   0:00   1:16 
Jacob de la Rose         0  0  0  -1  0   1  2  1  0  0  2/2    15:04   1:28   0:38 
Jason Pominville         0  0  0   0  0   2  0  0  0  0  0/0    16:15   2:30   0:00 
Kevin Gravel             1  0  1   2  0   1  1  1  0  0  0/0    19:55   1:37   1:08 
Marian Gaborik           0  1  1   1  0   1  0  0  0  0  1/1    13:41   0:00   0:00 
Paul Martin              0  0  0   0  0   1  1  1  0  0  0/0    20:14   2:21   0:43 
Phillip Danault          0  0  0   0  0   1  0  0  0  0  12/18  15:22   1:37   0:00 
Pierre-Luc Dubois        0  1  1   1  2   0  2  0  0  0  11/20  16:33   2:21   1:10 
Samuel Morin             0  0  0   0  0   1  1  1  0  0  0/0    19:33   1:37   0:11 
Troy Brouwer             0  0  0   0  0   1  3  1  0  0  0/0    13:45   0:00   0:00 
Tyler Pitlick            0  0  0  -1  0   2  1  1  0  0  7/14   16:01   1:37   1:26 

3 Stars

1 - Kari Lehtonen (MTL)
2 - Kevin Gravel (MTL)
3 - Anthony Cirelli (MTL)

Power Play

BUFFALO Sabres - 0 on 2 Attempt(s) - 0,00%
MONTREAL Canadiens - 0 on 2 Attempt(s) - 0,00%

Penalty Kill

BUFFALO Sabres - 2 on 2 Attempt(s) - 100,00% - Score 0 goal in Penalty Kill
MONTREAL Canadiens - 2 on 2 Attempt(s) - 100,00% - Score 0 goal in Penalty Kill

Team Stat

BUFFALO Sabres - Hits : 11 - Faceoff Wins : 34 - Blocked Shots : 7 - Penalty Minutes : 4
MONTREAL Canadiens - Hits : 21 - Faceoff Wins : 43 - Blocked Shots : 9 - Penalty Minutes : 4

Official

Referees : Unknown
Linesman : Unknown

Game Notes

Paul Martin is injured at 16:03 of 3rd period (Back Spasms)

Finance

Level 1 -- Attendance: 6300 (100,00%) -- Ticket Income 504 000 $
Level 2 -- Attendance: 4768 (76,90%) -- Ticket Income 238 400 $
Level 3 -- Attendance: 2354 (64,97%) -- Ticket Income 70 620 $
Level 4 -- Attendance: 3811 (95,28%) -- Ticket Income 76 220 $
Luxury Box -- Attendance: 973 (84,61%) -- Ticket Income 126 490 $
Game was played at the Centre Bell.
Total Attendance: 18206 (85,58%)
Total Ticket Income: 1 015 730 $
Other Income: 396 135 $
Total Income: 1 411 865 $

BUFFALO Sabres

5 vs 5 Forward 
   Center                   Left Wing                Right Wing               Time % Phy DF OF 
 1 Nathan MacKinnon         Artemi Panarin           Jordan Eberle            40     1   2  2  
 2 Nazem Kadri              Jaden Schwartz           Brayden Point            30     1   2  2  
 3 Henrik Zetterberg        Tyler Johnson            Elias Lindholm           20     1   2  2  
 4 Luke Glendening          Jesper Bratt             Vladimir Sobotka         10     1   2  2  

5 vs 5 Defense 
   Defense                  Defense                                           Time % Phy DF OF 
 1 Brent Burns              Ryan Ellis                                        40     1   2  2  
 2 John Klingberg           Tyson Barrie                                      30     1   2  2  
 3 Mike Green               Brett Pesce                                       20     1   2  2  
 4 Ryan Ellis               John Klingberg                                    10     1   2  2  

PowerPlay Forward 
   Center                   Left Wing                Right Wing               Time % Phy DF OF 
 1 Nathan MacKinnon         Artemi Panarin           Brayden Point            60     1   2  2  
 2 Nazem Kadri              Jaden Schwartz           Jordan Eberle            40     1   2  2  

PowerPlay Defense
   Defense                  Defense                                           Time % Phy DF OF 
 1 Brent Burns              John Klingberg                                    60     1   2  2  
 2 Ryan Ellis               Tyson Barrie                                      40     1   2  2  

Penalty Kill 4 Players Forward 
   Center                   Wing                     Time % Phy DF OF 
 1 Luke Glendening          Tyler Johnson            60     1   2  2  
 2 Brayden Point            Nathan MacKinnon         40     1   2  2  

Penalty Kill 4 Players Defense
   Defense                  Defense                  Time % Phy DF OF 
 1 Brent Burns              Ryan Ellis               60     1   2  2  
 2 John Klingberg           Brett Pesce              40     1   2  2  

Penalty Kill - 3 Players Forward 
   Forward                                           Time % Phy DF OF 
 1 Luke Glendening                                   60     1   2  2  
 2 Tyler Johnson                                     40     1   2  2  

Penalty Kill - 3 Players Defense
   Defense                  Defense                  Time % Phy DF OF 
 1 Brett Pesce              Ryan Ellis               60     1   2  2  
 2 John Klingberg           Mike Green               40     1   2  2  

4 vs 4 Forward 
   Center                   Wing                     Time % Phy DF OF 
 1 Nathan MacKinnon         Artemi Panarin           60     1   2  2  
 2 Brayden Point            Jordan Eberle            40     1   2  2  

4 vs 4 Defense
   Defense                  Defense                  Time % Phy DF OF 
 1 Brent Burns              John Klingberg           60     1   2  2  
 2 Ryan Ellis               Tyson Barrie             40     1   2  2  

Last Minutes Offensive
   Center                   Left Wing                Right Wing               Defense                  Defense                  
   Nathan MacKinnon         Artemi Panarin           Jaden Schwartz           Brent Burns              Tyson Barrie             

Last Minutes Defensive
   Center                   Left Wing                Right Wing               Defense                  Defense                  
   Brayden Point            Tyler Johnson            Jaden Schwartz           Ryan Ellis               Brett Pesce              

Goaltenders
Starting : Braden Holtby            
Backup : Alexandar Georgiev       

Extra Forwards
Normal : Nathan MacKinnon, Artemi Panarin, Brayden Point - PP : Nathan MacKinnon, Artemi Panarin - PK : Tyler Johnson
Extra Defensemen
Normal : Brent Burns, Tyson Barrie, John Klingberg - PP : Brent Burns - PK : Brett Pesce, John Klingberg
Penalty Shots
Nathan MacKinnon, Artemi Panarin, Jaden Schwartz, Henrik Zetterberg, Brayden Point

MONTREAL Canadiens

5 vs 5 Forward 
   Center                   Left Wing                Right Wing               Time % Phy DF OF 
 1 Pierre-Luc Dubois        Anthony Beauvillier      Anthony Mantha           25     1   2  2  
 2 Phillip Danault          Troy Brouwer             Jason Pominville         25     1   2  2  
 3 Anthony Cirelli          Marian Gaborik           Brian Gionta             25     1   2  2  
 4 Tyler Pitlick            Jacob de la Rose         Frederick Gaudreau       25     1   2  2  

5 vs 5 Defense 
   Defense                  Defense                                           Time % Phy DF OF 
 1 Samuel Morin             Paul Martin                                       34     1   2  2  
 2 Derrick Pouliot          Greg Pateryn                                      34     1   2  2  
 3 Clayton Stoner           Kevin Gravel                                      32     1   2  2  
 4 Derrick Pouliot          Greg Pateryn                                      0      1   2  2  

PowerPlay Forward 
   Center                   Left Wing                Right Wing               Time % Phy DF OF 
 1 Pierre-Luc Dubois        Jason Pominville         Anthony Mantha           60     1   2  2  
 2 Phillip Danault          Tyler Pitlick            Jason Pominville         40     1   2  2  

PowerPlay Defense
   Defense                  Defense                                           Time % Phy DF OF 
 1 Paul Martin              Derrick Pouliot                                   60     1   2  2  
 2 Samuel Morin             Kevin Gravel                                      40     1   2  2  

Penalty Kill 4 Players Forward 
   Center                   Wing                     Time % Phy DF OF 
 1 Pierre-Luc Dubois        Tyler Pitlick            60     1   2  2  
 2 Jacob de la Rose         Anthony Mantha           40     1   2  2  

Penalty Kill 4 Players Defense
   Defense                  Defense                  Time % Phy DF OF 
 1 Greg Pateryn             Kevin Gravel             60     1   2  2  
 2 Paul Martin              Derrick Pouliot          40     1   2  2  

Penalty Kill - 3 Players Forward 
   Forward                                           Time % Phy DF OF 
 1 Anthony Cirelli                                   60     1   2  2  
 2 Pierre-Luc Dubois                                 40     1   2  2  

Penalty Kill - 3 Players Defense
   Defense                  Defense                  Time % Phy DF OF 
 1 Kevin Gravel             Derrick Pouliot          60     1   2  2  
 2 Paul Martin              Clayton Stoner           40     1   2  2  

4 vs 4 Forward 
   Center                   Wing                     Time % Phy DF OF 
 1 Anthony Cirelli          Jacob de la Rose         60     1   2  2  
 2 Tyler Pitlick            Anthony Mantha           40     1   2  2  

4 vs 4 Defense
   Defense                  Defense                  Time % Phy DF OF 
 1 Derrick Pouliot          Paul Martin              60     1   2  2  
 2 Greg Pateryn             Clayton Stoner           40     1   2  2  

Last Minutes Offensive
   Center                   Left Wing                Right Wing               Defense                  Defense                  
   Pierre-Luc Dubois        Anthony Beauvillier      Anthony Mantha           Samuel Morin             Paul Martin              

Last Minutes Defensive
   Center                   Left Wing                Right Wing               Defense                  Defense                  
   Pierre-Luc Dubois        Anthony Beauvillier      Anthony Mantha           Samuel Morin             Paul Martin              

Goaltenders
Starting : Kari Lehtonen            
Backup : Carter Hutton            

Extra Forwards
Normal : Anthony Mantha, Pierre-Luc Dubois, Tyler Pitlick - PP : Jacob de la Rose, Tyler Pitlick - PK : Anthony Cirelli
Extra Defensemen
Normal : Greg Pateryn, Derrick Pouliot, Paul Martin - PP : Derrick Pouliot - PK : Paul Martin, Derrick Pouliot
Penalty Shots
Pierre-Luc Dubois, Anthony Cirelli, Tyler Pitlick, Jason Pominville, Anthony Mantha


% Time on Ice - BUFFALO Sabres

Lines # - Real PCT - Wanted PCT - Time Play
Normal Forward
1 - 38% - 40% - 20:00
2 - 31% - 30% - 16:18
3 - 20% - 20% - 10:34
4 - 12% - 10% - 6:24
Normal Defense
1 - 37% - 40% - 19:57
2 - 31% - 30% - 16:32
3 - 26% - 20% - 13:41
4 - 6% - 10% - 3:06
PP Forward
1 - 58% - 60% - 1:30
2 - 42% - 40% - 1:05
PP Defense
1 - 57% - 60% - 1:29
2 - 43% - 40% - 1:06
PK Forward
1 - 58% - 60% - 2:17
2 - 42% - 40% - 1:41
PK Defense
1 - 30% - 60% - 1:11
2 - 70% - 40% - 2:47
PK3 Forward
1 - 0% - 60%
2 - 0% - 40%
PK3 Defense
1 - 0% - 60%
2 - 0% - 40%
44 Forward
1 - 0% - 60%
2 - 0% - 40%
44 Defense
1 - 0% - 60%
2 - 0% - 40%
Last Minute Offensive  - 0:11
Last Minute Defensive  - 0:00
Total
Forward - 60:00
Defense - 60:00

% Time on Ice - MONTREAL Canadiens

Lines # - Real PCT - Wanted PCT - Time Play
Normal Forward
1 - 24% - 25% - 12:52
2 - 26% - 25% - 13:45
3 - 26% - 25% - 13:41
4 - 24% - 25% - 12:58
Normal Defense
1 - 33% - 34% - 17:45
2 - 32% - 34% - 17:08
3 - 35% - 32% - 18:23
4 - 0% - 0% - 0:00
PP Forward
1 - 59% - 60% - 2:21
2 - 41% - 40% - 1:37
PP Defense
1 - 59% - 60% - 2:21
2 - 41% - 40% - 1:37
PK Forward
1 - 75% - 60% - 1:57
2 - 25% - 40% - 0:38
PK Defense
1 - 49% - 60% - 1:16
2 - 51% - 40% - 1:19
PK3 Forward
1 - 0% - 60%
2 - 0% - 40%
PK3 Defense
1 - 0% - 60%
2 - 0% - 40%
44 Forward
1 - 0% - 60%
2 - 0% - 40%
44 Defense
1 - 0% - 60%
2 - 0% - 40%
Last Minute Offensive  - 0:00
Last Minute Defensive  - 0:11
Total
Forward - 60:00
Defense - 60:00

Play-by-Play

1st period


0:01 of 1st period - Nathan MacKinnon wins face-off versus Pierre-Luc Dubois in neutral zone.
0:01 of 1st period - Artemi Panarin is hit by Anthony Beauvillier.
0:03 of 1st period - Shot by Jordan Eberle.
0:03 of 1st period - Stopped by Kari Lehtonen without a rebound.
0:04 of 1st period - Nazem Kadri wins face-off versus Phillip Danault in MONTREAL Canadiens zone.
0:16 of 1st period - Shot by Jaden Schwartz.
0:16 of 1st period - Shot Misses the Net.
0:18 of 1st period - Shot by Brayden Point.
0:18 of 1st period - Stopped by Kari Lehtonen without a rebound.
0:19 of 1st period - Marian Gaborik wins face-off versus Henrik Zetterberg in MONTREAL Canadiens zone.
0:23 of 1st period - Minor Penalty to Mike Green for High sticking.
0:24 of 1st period - Pierre-Luc Dubois wins face-off versus Luke Glendening in BUFFALO Sabres zone.
1:21 of 1st period - Shot by Tyler Johnson.
1:21 of 1st period - Stopped by Kari Lehtonen without a rebound.
1:22 of 1st period - Phillip Danault wins face-off versus Luke Glendening in MONTREAL Canadiens zone.
2:16 of 1st period - Shot by Pierre-Luc Dubois.
2:16 of 1st period - Shot Misses the Net.
3:48 of 1st period - Shot by Jordan Eberle.
3:48 of 1st period - Shot Misses the Net.
3:51 of 1st period - Nathan MacKinnon is hit by Greg Pateryn.
3:58 of 1st period - Icing by Tyler Pitlick.
3:59 of 1st period - Nazem Kadri wins face-off versus Tyler Pitlick in MONTREAL Canadiens zone.
4:06 of 1st period - Shot by Ryan Ellis.
4:06 of 1st period - Deflect By Nazem Kadri.
4:06 of 1st period - Shot Misses the Net.
4:16 of 1st period - Shot by Jaden Schwartz.
4:16 of 1st period - Shot Misses the Net.
4:18 of 1st period - Shot by Brayden Point.
4:18 of 1st period - Stopped by Kari Lehtonen without a rebound.
4:19 of 1st period - Anthony Beauvillier wins face-off versus Luke Glendening in MONTREAL Canadiens zone.
4:19 of 1st period - Pierre-Luc Dubois is hit by Vladimir Sobotka and loses puck.
4:23 of 1st period - Icing by Paul Martin.
4:24 of 1st period - Nazem Kadri wins face-off versus Pierre-Luc Dubois in MONTREAL Canadiens zone.
4:39 of 1st period - Shot by Pierre-Luc Dubois.
4:39 of 1st period - Deflect By Anthony Beauvillier.
4:39 of 1st period - Shot Misses the Net.
5:15 of 1st period - Ryan Ellis is hit by Pierre-Luc Dubois.
6:04 of 1st period - Shot by Phillip Danault.
6:04 of 1st period - Stopped by Braden Holtby without a rebound.
6:05 of 1st period - Tyler Pitlick wins face-off versus Vladimir Sobotka in BUFFALO Sabres zone.
6:33 of 1st period - Shot by Luke Glendening.
6:33 of 1st period - Goal by Luke Glendening - BUFFALO Sabres : 1 - MONTREAL Canadiens : 0.
6:34 of 1st period - Henrik Zetterberg wins face-off versus Phillip Danault in neutral zone.
6:34 of 1st period - Henrik Zetterberg is hit by Troy Brouwer.
6:47 of 1st period - Elias Lindholm is hit by Troy Brouwer and loses puck.
7:06 of 1st period - Shot by Jason Pominville.
7:06 of 1st period - Shot Misses the Net.
7:36 of 1st period - Shot by Marian Gaborik.
7:36 of 1st period - Shot Misses the Net.
7:39 of 1st period - Minor Penalty to John Klingberg for Hooking.
7:40 of 1st period - Pierre-Luc Dubois wins face-off versus Luke Glendening in BUFFALO Sabres zone.
7:47 of 1st period - Shot by Jason Pominville.
7:47 of 1st period - Stopped by Braden Holtby without a rebound.
7:48 of 1st period - Luke Glendening wins face-off versus Pierre-Luc Dubois in BUFFALO Sabres zone.
8:18 of 1st period - Shot by Pierre-Luc Dubois.
8:18 of 1st period - Shot Misses the Net.
9:23 of 1st period - Icing by Paul Martin.
9:24 of 1st period - Pierre-Luc Dubois wins face-off versus Brayden Point in MONTREAL Canadiens zone.
9:50 of 1st period - Artemi Panarin is hit by Clayton Stoner and loses puck.
10:09 of 1st period - Shot by Jordan Eberle.
10:09 of 1st period - Stopped by Kari Lehtonen without a rebound.
10:10 of 1st period - Pierre-Luc Dubois wins face-off versus Jaden Schwartz in MONTREAL Canadiens zone.
10:28 of 1st period - John Klingberg is hit by Derrick Pouliot and loses puck.
10:39 of 1st period - Shot by John Klingberg.
10:39 of 1st period - Stopped by Kari Lehtonen without a rebound.
10:40 of 1st period - Luke Glendening wins face-off versus Frederick Gaudreau in MONTREAL Canadiens zone.
10:44 of 1st period - Icing by Samuel Morin.
10:45 of 1st period - Tyler Pitlick wins face-off versus Luke Glendening in MONTREAL Canadiens zone.
11:59 of 1st period - Minor Penalty to Clayton Stoner for Slashing.
12:00 of 1st period - Pierre-Luc Dubois wins face-off versus Nazem Kadri in MONTREAL Canadiens zone.
12:57 of 1st period - Shot by Brayden Point.
12:57 of 1st period - Shot Misses the Net.
12:59 of 1st period - Shot by Ryan Ellis.
12:59 of 1st period - Shot Misses the Net.
13:01 of 1st period - Shot by Ryan Ellis.
13:01 of 1st period - Shot Blocked by Derrick Pouliot.
13:09 of 1st period - Shot by Nathan MacKinnon.
13:09 of 1st period - Shot Blocked by Derrick Pouliot.
13:11 of 1st period - Shot by Tyson Barrie.
13:11 of 1st period - Shot Misses the Net.
14:24 of 1st period - Shot by Henrik Zetterberg.
14:24 of 1st period - Shot Misses the Net.
14:26 of 1st period - Shot by Brett Pesce.
14:26 of 1st period - Shot Misses the Net.
14:54 of 1st period - Icing by Phillip Danault.
14:55 of 1st period - Phillip Danault wins face-off versus Vladimir Sobotka in MONTREAL Canadiens zone.
14:55 of 1st period - Phillip Danault is hit by Vladimir Sobotka.
15:00 of 1st period - Icing by Jason Pominville.
15:01 of 1st period - Phillip Danault wins face-off versus Nathan MacKinnon in MONTREAL Canadiens zone.
15:01 of 1st period - Phillip Danault is hit by Jordan Eberle.
15:19 of 1st period - Shot by Artemi Panarin.
15:19 of 1st period - Deflect By Nathan MacKinnon.
15:19 of 1st period - Stopped by Kari Lehtonen without a rebound.
15:20 of 1st period - Nazem Kadri wins face-off versus Anthony Cirelli in MONTREAL Canadiens zone.
15:26 of 1st period - Icing by Greg Pateryn.
15:27 of 1st period - Nathan MacKinnon wins face-off versus Brian Gionta in MONTREAL Canadiens zone.
15:32 of 1st period - Shot by Artemi Panarin.
15:32 of 1st period - Shot Misses the Net.
16:20 of 1st period - Icing by Clayton Stoner.
16:21 of 1st period - Pierre-Luc Dubois wins face-off versus Nazem Kadri in MONTREAL Canadiens zone.
16:32 of 1st period - Shot by Anthony Beauvillier.
16:32 of 1st period - Shot Misses the Net.
17:22 of 1st period - Shot by Paul Martin.
17:22 of 1st period - Stopped by Braden Holtby with a rebound.
17:24 of 1st period - Shot by Tyler Pitlick.
17:24 of 1st period - Shot Misses the Net.
17:39 of 1st period - Icing by Tyler Johnson.
17:40 of 1st period - Anthony Cirelli wins face-off versus Henrik Zetterberg in BUFFALO Sabres zone.
17:43 of 1st period - Shot by Marian Gaborik.
17:43 of 1st period - Shot Misses the Net.
19:39 of 1st period - Shot by Jaden Schwartz.
19:39 of 1st period - Stopped by Kari Lehtonen without a rebound.
19:40 of 1st period - Phillip Danault wins face-off versus Nazem Kadri in MONTREAL Canadiens zone.
Goals for this period are 1 for BUFFALO Sabres vs 0 for MONTREAL Canadiens.
Shots for this period are 9 for BUFFALO Sabres vs 3 for MONTREAL Canadiens.

2nd period


0:01 of 2nd period - Tyler Pitlick wins face-off versus Nathan MacKinnon in neutral zone.
0:08 of 2nd period - Nathan MacKinnon is hit by Jacob de la Rose and loses puck.
0:32 of 2nd period - Shot by Jordan Eberle.
0:32 of 2nd period - Shot Blocked by Samuel Morin.
0:34 of 2nd period - Shot by Nathan MacKinnon.
0:34 of 2nd period - Shot Blocked by Jacob de la Rose.
0:36 of 2nd period - Shot by Nathan MacKinnon.
0:36 of 2nd period - Stopped by Kari Lehtonen with a rebound.
0:38 of 2nd period - Shot by Brent Burns.
0:38 of 2nd period - Stopped by Kari Lehtonen without a rebound.
0:39 of 2nd period - Phillip Danault wins face-off versus Nazem Kadri in MONTREAL Canadiens zone.
1:28 of 2nd period - Phillip Danault is hit by Nazem Kadri and loses puck.
1:59 of 2nd period - Icing by Brent Burns.
2:00 of 2nd period - Pierre-Luc Dubois wins face-off versus Henrik Zetterberg in BUFFALO Sabres zone.
2:01 of 2nd period - Shot by Anthony Beauvillier.
2:01 of 2nd period - Stopped by Braden Holtby without a rebound.
2:02 of 2nd period - Nathan MacKinnon wins face-off versus Pierre-Luc Dubois in BUFFALO Sabres zone.
2:02 of 2nd period - Nathan MacKinnon is hit by Pierre-Luc Dubois.
2:28 of 2nd period - Shot by Pierre-Luc Dubois.
2:28 of 2nd period - Shot Blocked by Mike Green.
2:30 of 2nd period - Shot by Paul Martin.
2:30 of 2nd period - Shot Blocked by Brett Pesce.
2:32 of 2nd period - Shot by Samuel Morin.
2:32 of 2nd period - Stopped by Braden Holtby with a rebound.
4:01 of 2nd period - Shot by Greg Pateryn.
4:01 of 2nd period - Shot Misses the Net.
4:03 of 2nd period - Shot by Frederick Gaudreau.
4:03 of 2nd period - Shot Misses the Net.
4:27 of 2nd period - Phillip Danault is hit by Nazem Kadri and loses puck.
4:57 of 2nd period - Shot by Vladimir Sobotka.
4:57 of 2nd period - Stopped by Kari Lehtonen with a rebound.
4:59 of 2nd period - Shot by Luke Glendening.
4:59 of 2nd period - Shot Misses the Net.
5:01 of 2nd period - Shot by John Klingberg.
5:01 of 2nd period - Stopped by Kari Lehtonen without a rebound.
5:02 of 2nd period - Henrik Zetterberg wins face-off versus Pierre-Luc Dubois in MONTREAL Canadiens zone.
5:05 of 2nd period - Shot by Tyler Johnson.
5:05 of 2nd period - Stopped by Kari Lehtonen without a rebound.
5:06 of 2nd period - Henrik Zetterberg wins face-off versus Pierre-Luc Dubois in MONTREAL Canadiens zone.
5:13 of 2nd period - Shot by Elias Lindholm.
5:13 of 2nd period - Shot Misses the Net.
5:50 of 2nd period - Icing by John Klingberg.
5:51 of 2nd period - Henrik Zetterberg wins face-off versus Brian Gionta in BUFFALO Sabres zone.
5:51 of 2nd period - Henrik Zetterberg is hit by Anthony Cirelli.
6:11 of 2nd period - Shot by Marian Gaborik.
6:11 of 2nd period - Stopped by Braden Holtby without a rebound.
6:12 of 2nd period - Nazem Kadri wins face-off versus Tyler Pitlick in BUFFALO Sabres zone.
6:12 of 2nd period - Nazem Kadri is hit by Jacob de la Rose.
8:29 of 2nd period - Shot by Anthony Mantha.
8:29 of 2nd period - Shot Blocked by Jesper Bratt.
9:22 of 2nd period - Shot by Jason Pominville.
9:22 of 2nd period - Stopped by Braden Holtby without a rebound.
9:23 of 2nd period - Tyler Pitlick wins face-off versus Nazem Kadri in BUFFALO Sabres zone.
9:50 of 2nd period - Shot by Jaden Schwartz.
9:50 of 2nd period - Shot Blocked by Tyler Pitlick.
9:59 of 2nd period - Icing by Brent Burns.
10:00 of 2nd period - Phillip Danault wins face-off versus Nazem Kadri in BUFFALO Sabres zone.
10:50 of 2nd period - Shot by Nathan MacKinnon.
10:50 of 2nd period - Shot Misses the Net.
11:31 of 2nd period - Off-side.
11:32 of 2nd period - Brian Gionta wins face-off versus Luke Glendening in neutral zone.
12:25 of 2nd period - Off-side.
12:26 of 2nd period - Nathan MacKinnon wins face-off versus Phillip Danault in neutral zone.
12:31 of 2nd period - Shot by Artemi Panarin.
12:31 of 2nd period - Stopped by Kari Lehtonen without a rebound.
12:32 of 2nd period - Tyler Pitlick wins face-off versus Nathan MacKinnon in MONTREAL Canadiens zone.
12:55 of 2nd period - Shot by Tyler Pitlick.
12:55 of 2nd period - Stopped by Braden Holtby without a rebound.
12:56 of 2nd period - Phillip Danault wins face-off versus Nazem Kadri in BUFFALO Sabres zone.
13:00 of 2nd period - Icing by Mike Green.
13:01 of 2nd period - Phillip Danault wins face-off versus Nazem Kadri in BUFFALO Sabres zone.
13:30 of 2nd period - Shot by Troy Brouwer.
13:30 of 2nd period - Stopped by Braden Holtby with a rebound.
13:45 of 2nd period - Shot by Jaden Schwartz.
13:45 of 2nd period - Shot Blocked by Kevin Gravel.
13:52 of 2nd period - Icing by Clayton Stoner.
13:53 of 2nd period - Phillip Danault wins face-off versus Artemi Panarin in MONTREAL Canadiens zone.
14:06 of 2nd period - Shot by Nathan MacKinnon.
14:06 of 2nd period - Shot Misses the Net.
14:08 of 2nd period - Shot by Ryan Ellis.
14:08 of 2nd period - Shot Misses the Net.
14:10 of 2nd period - Shot by Ryan Ellis.
14:10 of 2nd period - Shot Blocked by Troy Brouwer.
15:01 of 2nd period - John Klingberg is hit by Paul Martin and loses puck.
15:48 of 2nd period - Jaden Schwartz is hit by Derrick Pouliot and loses puck.
15:51 of 2nd period - Shot by Brett Pesce.
15:51 of 2nd period - Shot Misses the Net.
16:03 of 2nd period - Shot by Nazem Kadri.
16:03 of 2nd period - Deflect By Brayden Point.
16:03 of 2nd period - Stopped by Kari Lehtonen with a rebound.
16:05 of 2nd period - Shot by Brayden Point.
16:05 of 2nd period - Shot Misses the Net.
16:07 of 2nd period - Shot by Brett Pesce.
16:07 of 2nd period - Stopped by Kari Lehtonen without a rebound.
16:08 of 2nd period - Nathan MacKinnon wins face-off versus Anthony Cirelli in MONTREAL Canadiens zone.
16:20 of 2nd period - Icing by Brian Gionta.
16:21 of 2nd period - Jesper Bratt wins face-off versus Anthony Cirelli in MONTREAL Canadiens zone.
16:30 of 2nd period - Shot by Jesper Bratt.
16:30 of 2nd period - Stopped by Kari Lehtonen without a rebound.
16:31 of 2nd period - Nathan MacKinnon wins face-off versus Tyler Pitlick in MONTREAL Canadiens zone.
16:34 of 2nd period - Shot by Nathan MacKinnon.
16:34 of 2nd period - Deflect By Artemi Panarin.
16:34 of 2nd period - Stopped by Kari Lehtonen without a rebound.
16:35 of 2nd period - Tyler Pitlick wins face-off versus Nathan MacKinnon in MONTREAL Canadiens zone.
16:49 of 2nd period - Jordan Eberle is hit by Tyler Pitlick and loses puck.
17:05 of 2nd period - Shot by Tyler Pitlick.
17:05 of 2nd period - Shot Misses the Net.
17:07 of 2nd period - Shot by Jacob de la Rose.
17:07 of 2nd period - Stopped by Braden Holtby without a rebound.
17:08 of 2nd period - Nazem Kadri wins face-off versus Anthony Cirelli in BUFFALO Sabres zone.
17:29 of 2nd period - Shot by Nazem Kadri.
17:29 of 2nd period - Stopped by Kari Lehtonen without a rebound.
17:30 of 2nd period - Tyler Johnson wins face-off versus Pierre-Luc Dubois in MONTREAL Canadiens zone.
17:30 of 2nd period - Henrik Zetterberg is hit by Kevin Gravel and loses puck.
17:56 of 2nd period - Icing by Kevin Gravel.
17:57 of 2nd period - Pierre-Luc Dubois wins face-off versus Nathan MacKinnon in MONTREAL Canadiens zone.
17:57 of 2nd period - Anthony Beauvillier is hit by Artemi Panarin and loses puck.
18:17 of 2nd period - Artemi Panarin is hit by Clayton Stoner and loses puck.
18:49 of 2nd period - Icing by Samuel Morin.
18:50 of 2nd period - Anthony Cirelli wins face-off versus Jaden Schwartz in MONTREAL Canadiens zone.
19:17 of 2nd period - Shot by Anthony Cirelli.
19:17 of 2nd period - Deflect By Marian Gaborik.
19:17 of 2nd period - Shot Hit the Post.
19:19 of 2nd period - Shot by Brian Gionta.
19:19 of 2nd period - Shot Blocked by Brent Burns.
19:53 of 2nd period - Shot by Jacob de la Rose.
19:53 of 2nd period - Shot Blocked by Mike Green.
Goals for this period are 0 for BUFFALO Sabres vs 0 for MONTREAL Canadiens.
Shots for this period are 11 for BUFFALO Sabres vs 7 for MONTREAL Canadiens.

3rd period


0:01 of 3rd period - Nathan MacKinnon wins face-off versus Phillip Danault in neutral zone.
0:23 of 3rd period - Phillip Danault is hit by Ryan Ellis and loses puck.
1:07 of 3rd period - Greg Pateryn is hit by Nathan MacKinnon and loses puck.
1:33 of 3rd period - John Klingberg is hit by Greg Pateryn and loses puck.
1:37 of 3rd period - Icing by Derrick Pouliot.
1:38 of 3rd period - Tyler Pitlick wins face-off versus Brayden Point in MONTREAL Canadiens zone.
2:16 of 3rd period - Jaden Schwartz is hit by Anthony Cirelli.
2:50 of 3rd period - Shot by Henrik Zetterberg.
2:50 of 3rd period - Shot Misses the Net.
2:55 of 3rd period - Brian Gionta is hit by Brent Burns and loses puck.
3:03 of 3rd period - Icing by Tyson Barrie.
3:04 of 3rd period - Henrik Zetterberg wins face-off versus Pierre-Luc Dubois in BUFFALO Sabres zone.
3:09 of 3rd period - Pierre-Luc Dubois is hit by Elias Lindholm and loses puck.
4:03 of 3rd period - Shot by Jesper Bratt.
4:03 of 3rd period - Shot Misses the Net.
5:54 of 3rd period - Icing by Samuel Morin.
5:55 of 3rd period - Henrik Zetterberg wins face-off versus Pierre-Luc Dubois in MONTREAL Canadiens zone.
5:59 of 3rd period - Icing by Samuel Morin.
6:00 of 3rd period - Pierre-Luc Dubois wins face-off versus Nazem Kadri in MONTREAL Canadiens zone.
6:10 of 3rd period - Icing by Tyson Barrie.
6:11 of 3rd period - Nazem Kadri wins face-off versus Anthony Cirelli in BUFFALO Sabres zone.
6:13 of 3rd period - Icing by Jaden Schwartz.
6:14 of 3rd period - Anthony Cirelli wins face-off versus Nazem Kadri in BUFFALO Sabres zone.
6:32 of 3rd period - Icing by Tyson Barrie.
6:33 of 3rd period - Phillip Danault wins face-off versus Nazem Kadri in BUFFALO Sabres zone.
6:45 of 3rd period - Icing by John Klingberg.
6:46 of 3rd period - Nazem Kadri wins face-off versus Anthony Cirelli in BUFFALO Sabres zone.
7:40 of 3rd period - Shot by Frederick Gaudreau.
7:40 of 3rd period - Deflect By Tyler Pitlick.
7:40 of 3rd period - Stopped by Braden Holtby without a rebound.
7:41 of 3rd period - Anthony Mantha wins face-off versus Henrik Zetterberg in BUFFALO Sabres zone.
7:50 of 3rd period - Shot by Pierre-Luc Dubois.
7:50 of 3rd period - Shot Misses the Net.
7:52 of 3rd period - Shot by Kevin Gravel.
7:52 of 3rd period - Goal by Kevin Gravel - BUFFALO Sabres : 1 - MONTREAL Canadiens : 1.
7:53 of 3rd period - Nathan MacKinnon wins face-off versus Tyler Pitlick in neutral zone.
7:55 of 3rd period - Off-side.
7:56 of 3rd period - Nathan MacKinnon wins face-off versus Phillip Danault in neutral zone.
8:16 of 3rd period - Icing by Samuel Morin.
8:17 of 3rd period - Nazem Kadri wins face-off versus Phillip Danault in MONTREAL Canadiens zone.
8:26 of 3rd period - Shot by Nazem Kadri.
8:26 of 3rd period - Stopped by Kari Lehtonen without a rebound.
8:27 of 3rd period - Artemi Panarin wins face-off versus Tyler Pitlick in MONTREAL Canadiens zone.
8:51 of 3rd period - Icing by Tyler Pitlick.
8:52 of 3rd period - Jacob de la Rose wins face-off versus Nazem Kadri in MONTREAL Canadiens zone.
8:59 of 3rd period - Shot by Frederick Gaudreau.
8:59 of 3rd period - Stopped by Braden Holtby without a rebound.
9:00 of 3rd period - Pierre-Luc Dubois wins face-off versus Nazem Kadri in BUFFALO Sabres zone.
9:01 of 3rd period - Shot by Anthony Mantha.
9:01 of 3rd period - Stopped by Braden Holtby without a rebound.
9:02 of 3rd period - Anthony Mantha wins face-off versus Nathan MacKinnon in BUFFALO Sabres zone.
9:03 of 3rd period - Shot by Pierre-Luc Dubois.
9:03 of 3rd period - Shot Hit the Post.
9:49 of 3rd period - Off-side.
9:50 of 3rd period - Phillip Danault wins face-off versus Nazem Kadri in neutral zone.
10:39 of 3rd period - Icing by John Klingberg.
10:40 of 3rd period - Anthony Cirelli wins face-off versus Brayden Point in BUFFALO Sabres zone.
10:43 of 3rd period - Shot by Anthony Cirelli.
10:43 of 3rd period - Stopped by Braden Holtby with a rebound.
10:45 of 3rd period - Shot by Anthony Cirelli.
10:45 of 3rd period - Goal by Anthony Cirelli - BUFFALO Sabres : 1 - MONTREAL Canadiens : 2.
10:46 of 3rd period - Jacob de la Rose wins face-off versus Nathan MacKinnon in neutral zone.
11:55 of 3rd period - Shot by Henrik Zetterberg.
11:55 of 3rd period - Shot Misses the Net.
11:57 of 3rd period - Shot by Brett Pesce.
11:57 of 3rd period - Stopped by Kari Lehtonen with a rebound.
12:05 of 3rd period - Shot by Elias Lindholm.
12:05 of 3rd period - Deflect By Henrik Zetterberg.
12:05 of 3rd period - Stopped by Kari Lehtonen without a rebound.
12:06 of 3rd period - Anthony Cirelli wins face-off versus Nazem Kadri in MONTREAL Canadiens zone.
12:08 of 3rd period - Icing by Brian Gionta.
12:09 of 3rd period - Nazem Kadri wins face-off versus Anthony Cirelli in MONTREAL Canadiens zone.
12:20 of 3rd period - Shot by Brian Gionta.
12:20 of 3rd period - Stopped by Braden Holtby with a rebound.
12:22 of 3rd period - Shot by Marian Gaborik.
12:22 of 3rd period - Shot Misses the Net.
13:55 of 3rd period - Shot by Nathan MacKinnon.
13:55 of 3rd period - Stopped by Kari Lehtonen with a rebound.
13:59 of 3rd period - Shot by Nathan MacKinnon.
13:59 of 3rd period - Shot Misses the Net.
14:11 of 3rd period - Shot by Nathan MacKinnon.
14:11 of 3rd period - Shot Misses the Net.
14:17 of 3rd period - Shot by Nathan MacKinnon.
14:17 of 3rd period - Shot Blocked by Derrick Pouliot.
14:19 of 3rd period - Shot by Artemi Panarin.
14:19 of 3rd period - Shot Misses the Net.
14:21 of 3rd period - Shot by Ryan Ellis.
14:21 of 3rd period - Stopped by Kari Lehtonen with a rebound.
14:48 of 3rd period - Brett Pesce is hit by Troy Brouwer and loses puck.
15:01 of 3rd period - Henrik Zetterberg is hit by Clayton Stoner and loses puck.
15:51 of 3rd period - Shot by Marian Gaborik.
15:51 of 3rd period - Shot Blocked by Ryan Ellis.
15:53 of 3rd period - Shot by Anthony Cirelli.
15:53 of 3rd period - Stopped by Braden Holtby without a rebound.
15:54 of 3rd period - Nathan MacKinnon wins face-off versus Tyler Pitlick in BUFFALO Sabres zone.
16:01 of 3rd period - Shot by Nathan MacKinnon.
16:01 of 3rd period - Shot Misses the Net.
16:03 of 3rd period - Shot by Tyson Barrie.
16:03 of 3rd period - Shot Blocked by Paul Martin.
16:03 of 3rd period - Paul Martin from MONTREAL Canadiens is injured at 16:03 of 3rd period (Back Spasms).
16:04 of 3rd period - Nathan MacKinnon wins face-off versus Tyler Pitlick in MONTREAL Canadiens zone.
16:39 of 3rd period - Icing by John Klingberg.
16:40 of 3rd period - Anthony Cirelli wins face-off versus Nathan MacKinnon in BUFFALO Sabres zone.
16:51 of 3rd period - Shot by Brian Gionta.
16:51 of 3rd period - Shot Misses the Net.
16:57 of 3rd period - Shot by Marian Gaborik.
16:57 of 3rd period - Deflect By Brian Gionta.
16:57 of 3rd period - Shot Misses the Net.
16:59 of 3rd period - Shot by Marian Gaborik.
16:59 of 3rd period - Shot Misses the Net.
17:01 of 3rd period - Shot by Brian Gionta.
17:01 of 3rd period - Shot Misses the Net.
17:05 of 3rd period - Shot by Anthony Cirelli.
17:05 of 3rd period - Shot Blocked by John Klingberg.
17:57 of 3rd period - Shot by Elias Lindholm.
17:57 of 3rd period - Stopped by Kari Lehtonen without a rebound.
17:58 of 3rd period - Phillip Danault wins face-off versus Nazem Kadri in MONTREAL Canadiens zone.
17:58 of 3rd period - Phillip Danault is hit by Nazem Kadri.
18:39 of 3rd period - Mike Green is hit by Samuel Morin and loses puck.
19:00 of 3rd period - BUFFALO Sabres, Braden Holtby is pulled from the net.
19:12 of 3rd period - Shot by Tyler Johnson.
19:12 of 3rd period - Stopped by Kari Lehtonen without a rebound.
19:13 of 3rd period - Pierre-Luc Dubois wins face-off versus Artemi Panarin in MONTREAL Canadiens zone.
19:23 of 3rd period - Minor Penalty to Pierre-Luc Dubois for Hooking.
19:24 of 3rd period - Nathan MacKinnon wins face-off versus Anthony Cirelli in MONTREAL Canadiens zone.
19:49 of 3rd period - Shot by Brent Burns.
19:49 of 3rd period - Shot Misses the Net.
19:51 of 3rd period - Shot by Brayden Point.
19:51 of 3rd period - Shot Misses the Net.
19:53 of 3rd period - Shot by Nathan MacKinnon.
19:53 of 3rd period - Stopped by Kari Lehtonen without a rebound.
19:54 of 3rd period - Nazem Kadri wins face-off versus Anthony Beauvillier in MONTREAL Canadiens zone.
Goals for this period are 0 for BUFFALO Sabres vs 2 for MONTREAL Canadiens.
Shots for this period are 8 for BUFFALO Sabres vs 8 for MONTREAL Canadiens.